[Event "86th BRA-ch 2019"]
[Site "Natal"]
[Date "2020.01.11"]
[Round "1.2"]
[White "Molina, Roberto Junio Brito"]
[Black "Jordao Barbosa, Marcio"]
[Result "1-0"]
[ECO "E05"]
[WhiteElo "2431"]
[BlackElo "2181"]
[Annotator "NA"]
[PlyCount "109"]
[EventDate "2020.01.05"]
[EventType "k.o."]
[EventCountry "BRA"]
[SourceTitle "playchess.com"]
[Source "ChessBase"]
[SourceQuality "1"]
[TimeControl "5400+30"]

1. Nf3 Nf6 2. d4 e6 3. c4 d5 4. g3 Be7 5. Bg2 O-O 6. O-O dxc4 7. Qc2 a6 8. a4 Nc6 9. Qxc4 Qd5 10. Nbd2 Rd8 {[%emt 0:05:46] E05: Open Catalan: 5 Nf3 Be7} 11. Qxd5 exd5 12. Nb3 Bf5 13. Bf4 Ne8 $146 ({Predecessor:} 13... Bd6 14. Rfc1 Ne4 15. Ne1 Bxf4 16. gxf4 Nf6 17. e3 Rdc8 18. Nc5 {1-0 (40) Burmakin,V (2545)-Ibadov,D (2294) St Petersburg 2016}) 14. Rac1 Be4 15. Rfd1 Nb4 16. Ne1 Bxg2 17. Kxg2 c6 18. Nc5 Bxc5 19. Rxc5 a5 $1 20. b3 Nd6 21. f3 Na6 $11 22. Rcc1 Nc7 23. g4 Ne6 24. Bg3 g6 25. e3 f6 26. Nd3 Nf7 27. Kf2 Re8 28. Ne1 Re7 29. Nc2 Ng7 30. h3 h5 31. Rh1 f5 32. gxh5 Nxh5 33. Rcg1 Rae8 34. Be5 Re6 35. f4 Kh7 36. Ne1 Nf6 37. Bxf6 Rxf6 38. Nf3 Nd6 39. h4 Ne4+ 40. Ke2 Rh8 41. h5 Kg7 42. Ne5 Rh6 43. Ke1 Re6 44. hxg6 Rxh1 45. Rxh1 Nf6 46. Ke2 Re8 47. b4 axb4 48. Rb1 Ng4 49. Rxb4 Nxe5 50. Rxb7+ Kxg6 51. fxe5 Ra8 52. Rb6 Rxa4 53. Rxc6+ Kg5 54. Kf3 Ra3 55. Rc8 1-0

[Event "86th BRA-ch 2019"]
[Site "Natal"]
[Date "2020.01.11"]
[Round "1.2"]
[White "Macedo, Maximo Iack"]
[Black "Brito, Luismar"]
[Result "1-0"]
[ECO "E44"]
[WhiteElo "2324"]
[BlackElo "2227"]
[Annotator "ChessBase"]
[PlyCount "141"]
[EventDate "2020.01.05"]
[EventType "k.o."]
[EventCountry "BRA"]
[SourceTitle "playchess.com"]
[Source "ChessBase"]
[SourceQuality "1"]
[TimeControl "5400+30"]

1. d4 Nf6 2. c4 e6 3. Nc3 Bb4 4. e3 b6 5. Nge2 Bb7 6. a3 Bxc3+ 7. Nxc3 d6 8. Bd3 e5 9. O-O Nc6 10. d5 Ne7 11. b4 O-O 12. Bb2 Bc8 13. Qc2 Ng6 14. f4 Re8 15. f5 Nf8 16. Rae1 a5 17. e4 Bd7 18. Bc1 h6 19. Re3 axb4 20. axb4 Ra1 21. Na2 Qa8 22. Re2 Qa4 23. Qb2 Rxc1 24. Rxc1 Ra8 25. Nc3 Qa7 26. Kh1 b5 27. Nxb5 Bxb5 28. cxb5 N8d7 29. g3 Kf8 30. Qc3 Ne8 31. Kg2 Ke7 32. Rcc2 Nb6 33. Qd2 Qa1 34. Qc3 Qa7 35. g4 Na4 36. Qa1 Qb7 37. Ra2 Nb6 38. Rxa8 Nxa8 39. Ra2 Nb6 40. Ra7 Qb8 41. h4 Kf8 42. Ra6 Qb7 43. Kf3 Qb8 44. g5 Qd8 45. Qg1 hxg5 46. hxg5 Kg8 47. Ra2 Kf8 48. Rh2 Nd7 49. Rh8+ Ke7 50. g6 Ndf6 51. gxf7 Kxf7 52. Qa7 Nd7 53. b6 Nxb6 54. Bb5 Nd7 55. Ke2 Qe7 56. Qg1 Nf8 57. Bc6 Nf6 58. Kd3 N6h7 59. Qg4 Nf6 60. Qe2 Qd8 61. Qa2 N6h7 62. Qg2 Qh4 63. Bd7 Qh6 64. Be6+ Kf6 65. Kc4 Qe3 66. Qc2 Qg1 67. Kb3 Qb6 68. Qc3 Qa7 69. Qg3 g6 70. Qh4+ g5 71. Qh6+ 1-0

[Event "86th BRA-ch 2019"]
[Site "Natal"]
[Date "2020.01.11"]
[Round "1.2"]
[White "Zallio, Luciano de Souza"]
[Black "Martins, Vinicius Tine"]
[Result "1-0"]
[ECO "D00"]
[WhiteElo "2245"]
[BlackElo "2309"]
[Annotator "NA"]
[PlyCount "112"]
[EventDate "2020.01.05"]
[EventType "k.o."]
[EventCountry "BRA"]
[SourceTitle "playchess.com"]
[Source "ChessBase"]
[SourceQuality "1"]
[TimeControl "5400+30"]

1. d4 d5 2. Bg5 h6 3. Bh4 c6 4. c3 Bf5 5. Nd2 Nd7 6. e3 Ngf6 7. Be2 e6 8. f4 Be7 9. Ngf3 g5 10. fxg5 Ne4 $11 (10... Ng4 $15 11. Nf1 hxg5) 11. Nxe4 dxe4 12. Nd2 Bxg5 13. Bf2 Bh4 14. O-O Bxf2+ 15. Rxf2 Nf6 16. Qb3 Qe7 17. Raf1 O-O-O 18. Kh1 h5 19. c4 Ng4 20. Bxg4 hxg4 21. g3 Bg6 22. Qc3 Kb8 23. c5 e5 24. Nc4 exd4 25. exd4 e3 26. Nxe3 Qe4+ 27. Kg1 Qxd4 28. Qxd4 Rxd4 29. Rf4 Rd2 30. R1f2 Rxf2 31. Rxf2 Rh5 32. b4 a5 33. a3 axb4 34. axb4 Re5 35. Nxg4 Re4 36. Rf4 Re1+ 37. Kf2 Rb1 38. Ne5 Rb2+ 39. Kg1 Ka7 40. Nxf7 Bxf7 41. Rxf7 Rxb4 42. h4 Rc4 43. Rf5 b5 44. cxb6+ Kxb6 45. h5 Rg4 46. Kf2 Kc7 47. Kf3 Rg8 48. g4 Kd7 49. g5 Ke6 50. Kf4 c5 51. Rxc5 Rf8+ 52. Kg4 Rf1 53. h6 Rg1+ 54. Kh5 Kf7 55. Rc7+ Ke6 56. Kg6 Kd5 1-0

[Event "86th BRA-ch 2019"]
[Site "Natal"]
[Date "2020.01.11"]
[Round "1.2"]
[White "Rocha, Vitor Firmo de Souza"]
[Black "Labussiere, Victor"]
[Result "1-0"]
[ECO "B63"]
[WhiteElo "2200"]
[BlackElo "2363"]
[Annotator "ChessBase"]
[PlyCount "91"]
[EventDate "2020.01.05"]
[EventType "k.o."]
[EventCountry "BRA"]
[SourceTitle "playchess.com"]
[Source "ChessBase"]
[SourceQuality "1"]
[TimeControl "5400+30"]

1. e4 c5 2. Nf3 Nc6 3. d4 cxd4 4. Nxd4 Nf6 5. Nc3 d6 6. Bg5 e6 7. Qd2 Qb6 8. Nb3 Be7 9. O-O-O O-O 10. h4 Rd8 11. f4 a6 12. Bxf6 Bxf6 13. g4 Qc7 14. Rh3 b5 15. g5 Be7 16. a3 b4 17. axb4 Nxb4 18. h5 a5 19. Nb5 Qb6 20. Kb1 Ba6 21. N3d4 Rdc8 22. c4 Nc6 23. Nc2 d5 24. exd5 exd5 25. cxd5 Bxb5 26. Bxb5 Qxb5 27. dxc6 Qxc6 28. Rc3 Qb6 29. Rd3 a4 30. Na3 Rab8 31. Rc1 Rxc1+ 32. Qxc1 Qa6 33. Qd1 Qb7 34. Qe2 Bxa3 35. Rxa3 Qh1+ 36. Kc2 Qd5 37. Rd3 Qc4+ 38. Kb1 Qxf4 39. g6 hxg6 40. hxg6 fxg6 41. Rf3 Qg5 42. Qe6+ Kh7 43. Rh3+ Qh5 44. Rxh5+ gxh5 45. Qf5+ Kh6 46. Qf4+ 1-0

[Event "86th BRA-ch 2019"]
[Site "Natal"]
[Date "2020.01.11"]
[Round "1.3"]
[White "Macedo, Maximo Iack"]
[Black "Brito, Luismar"]
[Result "1-0"]
[ECO "B00"]
[WhiteElo "2324"]
[BlackElo "2227"]
[Annotator "ChessBase"]
[PlyCount "87"]
[EventDate "2020.01.05"]
[EventType "k.o."]
[EventCountry "BRA"]
[SourceTitle "playchess.com"]
[Source "ChessBase"]
[SourceQuality "1"]
[TimeControl "1500+10"]

1. d4 b6 2. e4 Bb7 3. Bd3 Nf6 4. Qe2 Nc6 5. c3 e5 6. d5 Ne7 7. f3 Ng6 8. g3 c6 9. c4 Bc5 10. Nc3 Bd4 11. f4 Qc7 12. Nf3 Bxc3+ 13. bxc3 exf4 14. d6 Qd8 15. e5 O-O 16. O-O fxg3 17. exf6 Qxf6 18. c5 Rae8 19. Qb2 Nf4 20. Bxf4 Qxf4 21. Rad1 Re3 22. hxg3 Qg4 23. Qf2 Rfe8 24. Rde1 Rxe1 25. Rxe1 Rxe1+ 26. Qxe1 g6 27. Qe8+ Kg7 28. Qe5+ Kg8 29. Ng5 Qd1+ 30. Bf1 Qd5 31. Qxd5 cxd5 32. cxb6 axb6 33. Bb5 Bc8 34. Nh3 f5 35. Nf4 Kf7 36. Nxd5 Ke6 37. Nxb6 Bb7 38. Nxd7 Kxd6 39. Nf8 g5 40. Nxh7 f4 41. Kf2 fxg3+ 42. Kxg3 Kc5 43. Bd3 Bd5 44. a3 1-0